Map: Atlas Station

Players

Qert - Winner!

  • Race: Protoss Protoss
  • League: Silver
  • Spawn Location: 6:00

A.I. 1 (Elite)

  • Race: Terran Terran
  • Spawn Location: 3:00

A.I. 2 (Elite)

  • Race: Terran Terran
  • Spawn Location: 9:00

A.I. 3 (Elite)

  • Race: Protoss Protoss
  • Spawn Location: 3:00

A.I. 4 (Elite)

  • Race: Terran Terran
  • Spawn Location: 6:00

A.I. 5 (Elite)

  • Race: Protoss Protoss
  • Spawn Location: 12:00

A.I. 6 (Elite)

  • Race: Protoss Protoss
  • Spawn Location: 12:00

A.I. 7 (Elite)

  • Race: Protoss Protoss
  • Spawn Location: 9:00

VOD

Have the link to the VOD?

Description

Time

  • Played on: Feb. 6, 2016, 1:34 p.m.
  • Length: 36:16
Show
View Real Time Build Order
Export as new Build Order

Qert Protoss - Winner!

Build Orders:  

Get SALT Encoding   

  12  0:02  Probe (Chrono Boost)  
  13  0:15  Pylon  
  13  0:17  Probe (Chrono Boost)  
  14  0:28  Probe (Chrono Boost)  
  15  0:37  Gateway  
  15  0:39  Probe (Chrono Boost)  
  16  0:49  Probe (Chrono Boost), Assimilator  
  17  1:00  Probe (Chrono Boost)  
  18  1:07  Pylon  
  18  1:10  Probe (Chrono Boost)  
  18  1:11  Assimilator  
  19  1:22  Gateway  
  19  1:30  Cybernetics Core  
  19  1:34  Probe (Chrono Boost)  
  20  1:45  Probe (Chrono Boost)  
  21  1:49  Zealot  
  23  1:55  Probe (Chrono Boost)  
  24  2:03  Pylon  
  24  2:10  Adept  
  26  2:17  Pylon  
  26  2:19  Warp Gate  
  26  2:21  Mothership Core (Chrono Boost)  
  28  2:28  Adept  
  30  2:47  Zealot  
  32  3:00  Nexus  
  32  3:06  Pylon  
  32  3:24  Stargate  
  32  3:27  Stargate  
  32  3:36  Pylon  
  32  3:40  Zealot  
  34  3:44  Sentry  
  36  3:53  Probe (Chrono Boost)  
  37  4:04  Probe (Chrono Boost)  
  38  4:10  Pylon  
  38  4:14  Probe (Chrono Boost)  
  39  4:18  Probe (Chrono Boost)  
  40  4:25  Probe (Chrono Boost)  
  40  4:28  Probe (Chrono Boost)  
  42  4:47  Probe (Chrono Boost)  
  42  4:49  Gateway  
  42  4:50  Gateway  
  42  4:52  Assimilator  
  43  4:54  Probe (Chrono Boost)  
  43  4:56  Assimilator  
  43  4:58  Probe (Chrono Boost)  
  45  5:05  Probe (Chrono Boost)  
  46  5:09  Probe (Chrono Boost)  
  47  5:16  Stalker x2, Pylon  
  51  5:22  Void Ray  
  55  5:32  Probe (Chrono Boost)  
  55  5:33  Probe (Chrono Boost)  
  57  5:40  Sentry  
  59  5:42  Stalker  
  59  5:43  Probe x2 (Chrono Boost)  
  63  5:54  Probe x2 (Chrono Boost)  
  65  6:01  Void Ray  
  70  6:04  Probe x2 (Chrono Boost)  
  71  6:15  Probe x2 (Chrono Boost)  
  71  6:16  Stalker x3  
  79  6:22  Protoss Air Weapons Level 1  
  79  6:50  Void Ray  
  79  6:51  Void Ray  
  87  6:57  Fleet Beacon  
  87  7:05  Stalker x2  
  87  7:07  Zealot  
  93  7:18  Pylon  
  93  7:19  Pylon  
  93  7:35  Nexus  
  97  7:37  Void Ray (Chrono Boost)  
  97  7:41  Pylon  
  97  7:42  Pylon  
  97  7:53  Forge  
  97  7:55  Forge  
  97  8:04  Carrier (Chrono Boost)  
  103  8:15  Graviton Catapult  
  103  8:16  Protoss Air Armor Level 1  
  103  8:27  Protoss Shields Level 1  
  103  8:34  Stalker  
  103  8:35  Zealot x3  
  78  9:00  Stalker  
  78  9:01  Stalker x2, Tempest (Chrono Boost)  
  66  9:16  Stalker  
  68  9:22  Probe  
  69  9:30  Tempest (Chrono Boost)  
  73  9:32  Probe  
  74  9:43  Probe  
  75  9:50  Stalker  
  75  9:51  Stalker x3  
  83  9:53  Probe  
  83  9:59  Assimilator  
  84  10:03  Assimilator  
  84  10:04  Probe  
  91  10:15  Probe  
  92  10:24  Carrier (Chrono Boost)  
  92  10:25  Probe  
  93  10:36  Probe  
  93  10:39  Stargate  
  93  10:40  Stargate  
  94  10:46  Probe  
  94  10:48  Stalker x4  
  103  10:53  Protoss Ground Weapons Level 1  
  103  10:56  Protoss Ground Armor Level 1  
  103  11:12  Stalker x4  
  111  11:33  Nexus  
  111  11:47  Probe  
  111  11:48  Probe  
  111  11:49  Pylon  
  111  11:50  Pylon  
  111  11:52  Pylon  
  111  11:53  Pylon  
  113  11:57  Probe  
  113  12:00  Probe  
  115  12:12  Probe  
  116  12:15  Stalker x2  
  116  12:16  Stalker x2  
  124  12:33  Assimilator  
  124  12:37  Assimilator  
  134  12:45  Void Ray (Chrono Boost)  
  134  12:49  Tempest (Chrono Boost)  
  134  12:51  Void Ray (Chrono Boost)  
  142  12:52  Carrier (Chrono Boost)  
  142  13:13  Probe  
  143  13:23  Probe  
  144  13:34  Probe  
  145  13:43  Void Ray (Chrono Boost), Tempest (Chrono Boost)  
  145  13:44  Probe  
  145  13:45  Carrier (Chrono Boost)  
  145  13:47  Nexus, Protoss Air Weapons Level 2 (Chrono Boost)  
  160  13:50  Pylon  
  160  13:53  Pylon  
  160  14:02  Pylon  
  162  14:03  Mothership Core  
  162  14:05  Pylon  
  162  14:10  Pylon  
  162  14:21  Stalker x3  
  162  14:22  Stalker  
  170  14:27  Tempest  
  170  14:28  Tempest  
  170  14:29  Carrier  
  184  15:03  Photon Cannon  
  184  15:05  Probe, Assimilator  
  184  15:06  Photon Cannon  
  185  15:15  Probe  
  185  15:16  Photon Cannon x2  
  185  15:20  Photon Cannon x2  
  186  15:26  Probe  
  187  15:31  Assimilator  
  187  15:36  Carrier, Tempest  
  187  15:37  Probe  
  187  15:42  Stalker  
  200  15:48  Protoss Air Armor Level 2 (Chrono Boost)  
  200  16:12  Photon Cannon  
  200  16:14  Photon Cannon x2  
  200  16:17  Photon Cannon  
  200  16:20  Photon Cannon  
  200  16:24  Photon Cannon  
  200  16:29  Photon Cannon  
  200  16:34  Photon Cannon  
  192  16:53  Stalker  
  192  16:54  Stalker x3  
  152  16:55  Tempest  
  134  17:08  Tempest  
  132  17:34  Probe  
  133  17:38  Carrier, Tempest  
  143  17:45  Probe  
  144  17:54  Mothership Core  
  146  18:24  Carrier, Tempest  
  146  18:25  Tempest  
  166  18:48  Pylon  
  166  18:51  Pylon  
  166  19:04  Tempest  
  170  19:29  Carrier, Tempest  
  172  19:55  Carrier, Tempest  
  182  20:20  Nexus  
  182  20:25  Pylon  
  182  20:37  Pylon  
  182  20:40  Pylon  
  182  20:45  Tempest  
  182  20:46  Carrier  
  192  20:54  Protoss Air Weapons Level 3 (Chrono Boost)  
  192  21:07  Assimilator  
  192  21:11  Assimilator  
  192  21:28  Tempest  
  192  21:31  Stalker x2  
  189  23:07  Carrier, Tempest  
  189  23:08  Carrier  
  189  23:11  Protoss Air Armor Level 3 (Chrono Boost)  
  199  25:46  Tempest  
  199  25:47  Carrier, Tempest  
  198  26:15  Stalker  
  198  30:12  Nexus  
  198  30:18  Pylon  
  198  30:19  Pylon  
  198  30:26  Assimilator  
  198  30:30  Assimilator  
  197  31:52  Photon Cannon  
  197  31:54  Photon Cannon  
Show
View Real Time Build Order
Export as new Build Order

A.I. 1 (Elite) Terran 

Build Orders: MMM Bio 

Get SALT Encoding   

  12  0:01  SCV  
  13  0:13  SCV  
  14  0:19  Supply Depot  
  14  0:25  SCV  
  15  0:40  SCV  
  16  0:44  Barracks  
  16  0:52  SCV  
  17  1:04  SCV  
  18  1:16  SCV  
  18  1:17  Supply Depot  
  19  1:22  Refinery  
  19  1:29  SCV  
  19  1:31  Marine  
  21  1:41  SCV  
  22  1:49  Marine  
  22  1:52  Barracks  
  22  1:53  SCV  
  24  1:55  Refinery  
  24  2:04  Supply Depot  
  24  2:06  SCV  
  24  2:07  Marine  
  26  2:18  SCV  
  27  2:24  Marine  
  27  2:28  Factory  
  28  2:30  SCV  
  29  2:39  Marine  
  29  2:42  Marine, SCV  
  32  2:54  SCV  
  32  2:57  Marine  
  34  3:00  Marine  
  35  3:06  SCV  
  36  3:14  Marine  
  36  3:18  Marine, SCV  
  39  3:21  Supply Depot  
  39  3:26  Factory Tech Lab  
  39  3:38  Starport  
  39  3:42  Marine  
  39  3:43  Marine, SCV  
  42  3:55  SCV  
  43  4:01  Marine  
  43  4:07  SCV  
  44  4:10  Barracks  
  44  4:19  SCV  
  45  4:24  Supply Depot  
  45  4:31  SCV, Starport Tech Lab  
  46  4:43  SCV  
  47  4:46  Siege Tank  
  47  4:47  Marine x2  
  47  4:50  Factory  
  52  4:53  Starport  
  52  4:55  SCV  
  53  5:01  Supply Depot  
  52  5:07  SCV  
  53  5:19  SCV  
  54  5:22  Barracks Tech Lab  
  54  5:28  Supply Depot  
  54  5:30  Engineering Bay  
  54  5:31  Command Center  
  54  5:32  SCV, Barracks Reactor  
  55  5:40  Combat Shields  
  55  5:43  Marauder  
  57  5:58  Terran Infantry Weapons Level 1  
  57  6:04  Marauder  
  59  6:15  Supply Depot  
  59  6:22  Barracks Tech Lab, Engineering Bay  
  59  6:26  Medivac, Marauder  
  63  6:36  Medivac  
  65  6:41  Marauder  
  65  6:42  Stimpack  
  65  6:45  SCV, Supply Depot  
  68  6:47  SCV, Marauder  
  68  6:48  Terran Infantry Armor Level 1  
  71  6:57  SCV  
  71  6:59  SCV  
  73  7:02  Marauder  
  75  7:09  SCV, Marauder  
  75  7:13  Orbital Command  
  78  7:23  Marauder  
  78  7:27  Refinery  
  80  7:30  Concussive Shells, Marauder  
  80  7:32  Marine  
  83  7:41  Missile Turret  
  83  7:42  Refinery  
  83  7:45  Marauder  
  83  7:49  Missile Turret  
  85  7:51  Marauder  
  85  7:52  Command Center  
  86  8:06  Marauder  
  86  8:08  SCV  
  91  8:13  SCV, Marauder  
  91  8:15  Supply Depot  
  92  8:27  Marauder  
  92  8:30  Medivac  
  92  8:33  Barracks, Starport Reactor  
  98  8:34  Marauder  
  98  8:36  Marine  
  95  8:42  SCV  
  95  8:45  Supply Depot  
  78  8:48  Marine  
  78  8:49  Marauder  
  78  8:53  Marine  
  68  8:55  Marine  
  68  9:00  Medivac  
  58  9:04  SCV  
  58  9:06  Marine  
  52  9:10  Marine  
  52  9:14  Marine  
  48  9:18  Marine  
  48  9:21  Marine  
  43  9:26  Marine  
  40  9:33  Marine  
  40  9:38  Marine  
  40  9:43  Marine  
  35  9:47  Marine  
  35  9:52  SCV  
  24  10:23  Marine  
  24  10:27  Marine  
  21  10:31  Marine  
  21  10:36  Marine  
  21  10:43  SCV  
  21  10:47  Marine  
  21  10:50  Marine  
  21  10:54  Marine  
  21  10:56  SCV  
  21  10:57  Marine  
  21  10:59  SCV  
  21  11:08  Marine, SCV  
  8  12:21  SCV  
  8  12:33  SCV  
  8  12:35  Supply Depot  
  8  12:45  SCV  
Show
View Real Time Build Order
Export as new Build Order

A.I. 2 (Elite) Terran 

Build Orders: MMM Bio 

Get SALT Encoding   

  12  0:01  SCV  
  13  0:13  SCV  
  14  0:19  Supply Depot  
  14  0:25  SCV  
  15  0:41  SCV  
  16  0:43  Barracks  
  16  0:53  SCV  
  17  1:05  SCV  
  18  1:16  Supply Depot  
  18  1:17  SCV  
  19  1:22  Refinery  
  19  1:29  Marine, SCV  
  21  1:41  SCV  
  22  1:47  Marine  
  22  1:50  Refinery  
  22  1:53  SCV  
  24  2:05  Marine, SCV  
  26  2:17  SCV  
  26  2:20  Barracks  
  27  2:23  Marine  
  27  2:24  Factory  
  28  2:30  Orbital Command  
  28  2:40  Marine  
  28  2:41  Supply Depot  
  29  2:59  Barracks Tech Lab  
  29  3:03  SCV  
  30  3:06  Marine  
  30  3:08  Supply Depot  
  30  3:11  Starport  
  31  3:15  SCV  
  31  3:17  Marine  
  33  3:25  Barracks Tech Lab  
  33  3:28  Stimpack  
  33  3:35  Marine  
  33  3:39  Supply Depot  
  34  3:43  Marine  
  34  3:44  SCV  
  34  3:47  Medivac  
  38  3:50  Supply Depot  
  38  3:52  Marine  
  39  4:00  Marine  
  40  4:06  Combat Shields  
  40  4:08  SCV  
  40  4:17  Medivac  
  42  4:25  Marine  
  42  4:27  Marine  
  42  4:30  SCV  
  45  4:36  Supply Depot  
  45  4:40  Barracks  
  45  4:44  Marauder  
  49  4:45  Marauder  
  49  4:47  Medivac  
  49  4:52  SCV  
  52  5:00  Command Center  
  52  5:05  Marine  
  55  5:07  Marauder  
  55  5:20  Engineering Bay  
  55  5:23  Marauder  
  59  5:28  Marauder  
  58  5:39  Supply Depot  
  58  5:44  Marauder  
  58  5:47  Terran Infantry Armor Level 1  
  62  5:50  Marauder  
  62  6:00  Engineering Bay  
  62  6:01  Barracks Reactor  
  62  6:06  Marauder  
  62  6:09  Concussive Shells  
  66  6:11  Marauder  
  66  6:14  SCV  
  66  6:15  SCV  
  68  6:26  SCV, Terran Infantry Weapons Level 1  
  68  6:27  Marine, SCV  
  68  6:32  Marauder  
  73  6:38  SCV  
  75  6:40  SCV  
  75  6:46  Refinery  
  75  6:50  SCV  
  75  6:52  SCV  
  77  6:58  Marauder  
  77  6:59  Marine, Marauder  
  77  7:00  Refinery  
  82  7:02  SCV  
  83  7:13  Command Center  
  83  7:19  Marauder  
  83  7:20  SCV  
  84  7:27  Supply Depot  
  84  7:28  SCV  
  85  7:32  SCV  
  86  7:39  Marauder  
  86  7:40  SCV  
  87  7:45  SCV  
  87  7:46  Marauder  
  90  7:52  SCV  
  91  8:00  SCV, Supply Depot, Marauder  
  91  8:04  SCV  
  95  8:07  Marauder  
  97  8:21  Marauder  
  97  8:25  SCV  
  95  8:27  SCV  
  95  8:28  SCV, Supply Depot  
  95  8:29  Marauder  
  95  8:38  SCV  
  95  8:40  SCV  
  95  8:41  SCV  
  98  8:43  Marauder  
  100  8:50  Marine, SCV, Marauder  
  100  8:53  SCV  
  100  8:54  SCV  
  106  9:02  SCV  
  103  9:04  Marauder  
  103  9:05  SCV  
  103  9:07  SCV  
  107  9:12  Marauder  
  107  9:14  SCV  
  110  9:17  SCV  
  110  9:19  SCV  
  112  9:26  SCV, Marauder  
  112  9:30  SCV  
  116  9:33  Missile Turret, Marauder, Orbital Command  
  116  9:37  Supply Depot  
  118  9:44  Missile Turret  
  118  9:45  Marine  
  118  9:47  Marauder  
  118  9:49  Medivac  
  118  9:51  Marine, Missile Turret  
  123  9:54  Marauder  
  123  9:59  Missile Turret  
  125  10:03  Marine  
  125  10:06  Barracks  
  125  10:08  Marauder  
  125  10:10  Marine  
  125  10:11  Supply Depot  
  125  10:12  Orbital Command  
  126  10:15  Marine  
  126  10:19  Starport Tech Lab  
  126  10:21  Marine  
  110  10:30  Marauder  
  110  10:32  Marine  
  110  10:34  Marauder  
  97  10:38  Marine, Raven  
  98  10:49  Marine  
  98  10:50  Marine  
  98  10:54  Marine  
  98  10:55  Missile Turret, Marauder  
  98  10:56  Marine  
  104  11:06  Refinery  
  104  11:09  Marauder  
  106  11:11  Marine  
  106  11:14  Marine  
  106  11:15  Refinery  
  106  11:16  Marauder  
  106  11:17  Marine  
  110  11:21  Raven  
  110  11:24  Missile Turret  
  112  11:30  Marine, Marauder  
  115  11:34  Marine  
  115  11:38  Marauder  
  115  11:39  SCV  
  113  11:41  SCV  
  113  11:43  Marine  
  115  11:47  Marine  
  115  11:52  Marine, Missile Turret, Marauder  
  119  11:59  Marauder  
  119  12:00  Factory  
  119  12:01  Marine  
  118  12:04  Viking, Ghost Academy  
  118  12:05  SCV  
  118  12:07  Marine  
  118  12:08  Supply Depot  
  118  12:13  Marauder  
  117  12:16  Starport  
  117  12:20  Fusion Core, Marauder  
  119  12:34  Viking, Marauder  
  119  12:40  Supply Depot  
  119  12:41  Ghost  
  121  12:52  Viking  
  121  12:55  Ghost  
  125  13:04  Viking  
  125  13:05  Starport  
  127  13:08  Supply Depot  
  127  13:10  Ghost  
  129  13:17  Factory Tech Lab  
  129  13:22  Starport Reactor  
  129  13:24  Marauder  
  127  13:34  Viking  
  118  13:36  Marine, Armory  
  118  13:37  Marine  
  118  13:38  Marine, Ghost  
  105  13:41  Viking  
  105  13:45  Marine  
  84  13:50  Factory Tech Lab  
  73  13:58  Viking  
  73  13:59  Viking  
  73  14:01  Marine  
  73  14:02  Marine  
  76  14:03  Marine, Viking  
  76  14:05  Marine  
  76  14:07  Marauder  
  80  14:11  Medivac  
  80  14:17  Armory  
  80  14:20  SCV  
  80  14:22  SCV, Marauder  
  76  14:28  Viking  
  76  14:29  Marauder  
  76  14:30  Marine x2  
  63  14:31  Marine  
  63  14:32  SCV  
  63  14:33  Medivac  
  59  14:41  Viking  
  59  14:42  Ghost  
  59  14:43  SCV  
  59  14:44  SCV  
  51  14:47  Viking  
  51  14:50  Marauder  
  51  14:52  Marine  
  53  14:54  Marine  
  53  14:55  SCV  
  53  14:56  SCV  
  53  14:58  Viking  
  50  15:07  SCV  
  50  15:08  SCV  
  50  15:09  Marine  
  46  15:16  Marine  
  46  15:19  SCV  
  39  15:27  Marine  
  39  15:32  SCV  
  31  15:44  SCV  
  29  15:56  SCV  
  24  16:05  Barracks  
  22  16:42  Command Center  
  19  17:11  Command Center  
  19  17:15  Ghost Academy  
  18  17:23  Supply Depot  
  18  17:29  SCV  
  13  17:41  SCV  
  10  17:52  Engineering Bay  
  10  17:53  SCV  
  10  17:54  SCV  
  11  18:06  SCV  
  10  18:22  SCV x2  
  10  18:26  Supply Depot  
  12  18:34  SCV  
  11  19:24  Barracks  
  6  19:31  Supply Depot  
  5  20:00  Barracks  
  5  20:14  Supply Depot  
  5  20:30  Command Center  
  5  20:54  Factory  
  5  20:58  Supply Depot  
  5  21:42  Starport  
  5  21:45  SCV  
  6  21:57  SCV  
  6  22:09  SCV  
  7  22:23  SCV  
  7  22:24  Marine  
  9  22:35  SCV  
  10  22:47  SCV  
  11  22:57  Barracks Tech Lab  
  11  22:59  SCV  
  12  23:11  SCV  
  13  23:17  Marauder  
  15  23:30  Starport Tech Lab  
  16  23:51  Starport Tech Lab  
Show
View Real Time Build Order
Export as new Build Order

A.I. 3 (Elite) Protoss 

Build Orders: Zealot Archon 

Get SALT Encoding   

  12  0:01  Probe (Chrono Boost)  
  13  0:12  Probe (Chrono Boost)  
  14  0:21  Pylon  
  14  0:22  Probe (Chrono Boost)  
  15  0:39  Probe (Chrono Boost)  
  16  0:47  Assimilator  
  17  0:50  Probe (Chrono Boost)  
  17  0:51  Gateway  
  17  1:00  Probe (Chrono Boost), Pylon  
  18  1:11  Probe (Chrono Boost)  
  19  1:21  Probe (Chrono Boost)  
  20  1:32  Probe (Chrono Boost)  
  21  1:36  Zealot  
  21  1:38  Gateway  
  23  1:41  Cybernetics Core  
  23  1:43  Probe (Chrono Boost)  
  24  1:51  Pylon  
  25  1:55  Probe (Chrono Boost)  
  25  2:02  Zealot  
  25  2:06  Probe (Chrono Boost)  
  28  2:13  Warp Gate  
  28  2:18  Probe (Chrono Boost)  
  29  2:23  Adept  
  29  2:28  Adept  
  33  2:31  Gateway  
  33  2:41  Gateway  
  33  2:49  Adept  
  35  2:54  Adept  
  35  2:58  Pylon  
  38  2:59  Probe (Chrono Boost)  
  38  3:15  Adept  
  38  3:18  Adept  
  42  3:21  Adept  
  44  3:27  Adept  
  44  3:30  Pylon  
  46  3:39  Twilight Council  
  46  4:04  Pylon  
  46  4:17  Assimilator  
  46  4:38  Zealot  
  46  4:42  Templar Archives  
  48  4:47  Nexus  
  48  5:19  High Templar  
  50  5:25  Stalker  
  52  5:30  Forge  
  52  5:46  Forge  
  52  5:48  High Templar  
  54  5:53  Archon  
  54  6:02  Probe (Chrono Boost)  
  54  6:03  Probe (Chrono Boost)  
  56  6:09  Assimilator  
  56  6:10  Assimilator  
  56  6:13  Probe (Chrono Boost)  
  56  6:15  Probe (Chrono Boost)  
  58  6:19  High Templar  
  58  6:24  Probe (Chrono Boost)  
  62  6:26  Probe (Chrono Boost)  
  62  6:35  Probe (Chrono Boost)  
  62  6:37  Probe (Chrono Boost)  
  64  6:43  High Templar  
  64  6:46  Probe (Chrono Boost)  
  67  6:48  Stalker  
  67  6:49  Nexus, Probe (Chrono Boost)  
  67  6:51  Archon  
  70  6:57  Probe (Chrono Boost)  
  70  6:58  Pylon  
  70  7:01  Probe (Chrono Boost)  
  72  7:03  High Templar  
  74  7:17  Probe (Chrono Boost)  
  74  7:18  Probe (Chrono Boost)  
  74  7:19  High Templar  
  74  7:21  Stalker  
  80  7:26  Stalker  
  80  7:27  Archon  
  80  7:28  Probe (Chrono Boost)  
  84  7:30  Probe (Chrono Boost)  
  84  7:32  Pylon  
  84  7:40  High Templar  
  87  7:51  Probe (Chrono Boost)  
  87  7:53  Probe (Chrono Boost)  
  87  7:54  High Templar  
  87  7:58  Pylon  
  90  8:01  Archon  
  90  8:02  Probe (Chrono Boost)  
  90  8:04  Sentry, Probe (Chrono Boost)  
  95  8:05  Probe (Chrono Boost)  
  95  8:13  Probe (Chrono Boost)  
  95  8:15  Probe (Chrono Boost)  
  95  8:18  Probe (Chrono Boost)  
  98  8:25  Zealot, Probe (Chrono Boost), Assimilator  
  98  8:26  Stalker  
  104  8:27  Probe (Chrono Boost)  
  104  8:29  Zealot, Probe (Chrono Boost)  
  104  8:30  Zealot  
  104  8:31  Robotics Facility  
  103  8:39  Pylon  
  103  8:40  Probe x2 (Chrono Boost)  
  86  8:41  Probe (Chrono Boost)  
  86  8:42  Assimilator  
  86  8:44  High Templar  
  72  8:48  Zealot  
  72  8:50  Stalker  
  72  8:51  Zealot, Probe (Chrono Boost)  
  72  8:53  Probe (Chrono Boost)  
  72  8:54  Probe (Chrono Boost)  
  80  9:03  Probe (Chrono Boost)  
  80  9:05  Probe (Chrono Boost)  
  80  9:06  Probe (Chrono Boost)  
  80  9:07  Zealot  
  84  9:10  Stalker  
  84  9:12  Zealot  
  84  9:14  Probe (Chrono Boost)  
  84  9:15  Adept  
  84  9:16  Probe (Chrono Boost)  
  92  9:18  Probe (Chrono Boost)  
  93  9:25  Probe (Chrono Boost), Observer  
  93  9:27  High Templar  
  93  9:28  Probe (Chrono Boost)  
  93  9:30  Probe (Chrono Boost)  
  93  9:31  Adept  
  101  9:33  Stalker  
  101  9:34  Stalker  
  101  9:37  Probe (Chrono Boost)  
  106  9:41  Pylon  
  106  9:44  Immortal  
  106  9:50  Zealot  
  112  9:56  High Templar, Archon  
  112  9:57  Sentry  
  112  9:58  Stalker  
  118  10:06  Pylon  
  118  10:08  Stalker  
  120  10:16  Photon Cannon  
  120  10:21  Immortal, High Templar  
  108  10:23  Zealot  
  108  10:24  Pylon  
  108  10:26  Sentry  
  108  10:28  Probe (Chrono Boost)  
  104  10:30  Zealot  
  88  10:39  Probe (Chrono Boost)  
  88  10:41  High Templar  
  84  10:48  Probe (Chrono Boost)  
  84  10:49  High Templar  
  76  10:50  Stalker  
  76  10:51  Zealot  
  76  10:56  Probe (Chrono Boost)  
  76  10:58  Probe (Chrono Boost)  
  76  11:00  Probe (Chrono Boost)  
  77  11:09  Probe x2 (Chrono Boost), Pylon  
  69  11:11  Probe (Chrono Boost)  
  69  11:12  Zealot  
  69  11:13  Zealot, Stalker  
  60  11:20  Sentry, Probe (Chrono Boost)  
  60  11:23  Probe x2 (Chrono Boost)  
  60  11:31  Probe (Chrono Boost)  
  60  11:32  Zealot, High Templar  
  56  11:34  Zealot, Probe (Chrono Boost)  
  56  11:42  High Templar  
  56  11:45  Probe x2 (Chrono Boost)  
  57  11:52  Zealot  
  56  11:55  Probe (Chrono Boost)  
  56  11:56  Probe (Chrono Boost)  
  55  12:03  Gateway  
  55  12:06  Probe x2 (Chrono Boost)  
  50  12:11  Gateway  
  48  12:17  Probe (Chrono Boost)  
  48  12:19  Templar Archives  
  48  12:21  Probe (Chrono Boost)  
  50  12:27  Probe (Chrono Boost)  
  51  12:31  Pylon  
  49  12:48  Probe x2 (Chrono Boost)  
  48  12:59  Probe (Chrono Boost)  
  47  13:10  Nexus  
  43  13:19  Pylon  
  33  13:24  Templar Archives  
  30  13:27  Forge  
  30  13:32  Pylon  
  25  14:14  Pylon  
  16  14:25  Probe (Chrono Boost)  
  2  14:32  Nexus  
  2  14:35  Probe (Chrono Boost)  
  3  14:41  Assimilator  
  3  14:46  Probe (Chrono Boost)  
  4  14:56  Probe (Chrono Boost)  
  4  15:07  Probe (Chrono Boost)  
  4  15:18  Probe (Chrono Boost)  
  5  15:28  Probe (Chrono Boost)  
Show
View Real Time Build Order
Export as new Build Order

A.I. 4 (Elite) Terran 

Build Orders: Bio Tank 

Get SALT Encoding   

  12  0:01  SCV  
  13  0:13  SCV  
  14  0:18  Supply Depot  
  14  0:25  SCV  
  14  0:28  Refinery  
  15  0:40  SCV  
  16  0:48  Barracks  
  16  0:52  SCV  
  17  1:04  SCV  
  17  1:08  Supply Depot  
  18  1:16  SCV  
  19  1:28  SCV  
  20  1:37  Marine  
  20  1:39  Factory  
  21  1:43  Barracks  
  21  1:44  SCV  
  22  1:55  Marine  
  22  1:56  SCV  
  22  2:00  Supply Depot  
  24  2:08  SCV  
  24  2:12  Marine  
  26  2:20  SCV  
  27  2:23  Factory Tech Lab  
  27  2:30  Marine  
  27  2:33  SCV  
  27  2:34  Marine  
  30  2:43  Siege Tank  
  33  2:45  SCV  
  34  3:05  SCV, Command Center  
  35  3:17  Refinery, Orbital Command  
  35  3:34  Marine  
  35  3:36  Factory  
  35  3:37  Marine  
  37  3:43  SCV  
  38  3:55  SCV  
  39  3:58  Supply Depot  
  39  4:16  SCV, Orbital Command  
  40  4:20  Factory Tech Lab  
  40  4:21  Siege Tank  
  43  4:28  SCV  
  44  4:33  Marine  
  44  4:34  Marine  
  46  4:40  SCV  
  46  4:42  Barracks, SCV  
  48  4:51  Marine, Refinery  
  48  4:53  Barracks Tech Lab, SCV  
  48  4:54  SCV  
  50  5:02  Refinery  
  50  5:05  Siege Tank, SCV  
  54  5:08  Supply Depot  
  54  5:09  SCV  
  54  5:10  Barracks Reactor  
  54  5:11  Marine  
  56  5:15  Stimpack  
  56  5:17  SCV  
  57  5:24  SCV  
  58  5:29  Marine, SCV, Marauder  
  58  5:32  Supply Depot  
  62  5:36  SCV  
  62  5:41  SCV  
  64  5:47  Barracks Tech Lab  
  64  5:48  SCV  
  65  5:51  Marauder  
  65  5:53  SCV  
  65  5:54  Engineering Bay  
  68  5:59  Supply Depot  
  68  6:00  SCV  
  69  6:05  SCV  
  69  6:06  Marauder  
  69  6:10  Combat Shields  
  72  6:12  SCV, Marauder  
  75  6:20  Terran Infantry Armor Level 1  
  75  6:21  SCV  
  75  6:23  Marine x2, Engineering Bay  
  75  6:24  SCV  
  75  6:25  Supply Depot  
  79  6:27  Marauder  
  81  6:33  SCV, Marauder  
  81  6:36  Missile Turret  
  84  6:45  Missile Turret  
  84  6:47  SCV  
  85  6:48  SCV  
  85  6:49  Marauder  
  85  6:50  Barracks  
  85  6:51  Command Center  
  88  6:55  Marauder  
  88  6:56  Supply Depot  
  90  7:03  Starport  
  90  7:06  Terran Infantry Weapons Level 1  
  90  7:10  Marauder  
  92  7:16  Concussive Shells, Marauder  
  94  7:23  Supply Depot  
  94  7:28  Siege Tank  
  97  7:32  Marauder  
  95  7:37  Marauder  
  95  7:39  Starport Reactor  
  97  7:45  Marine  
  97  7:47  Marine, Missile Turret  
  97  7:48  Siege Tank  
  97  7:51  Supply Depot  
  102  7:53  Marauder  
  104  7:59  Marauder  
  102  8:05  SCV, Starport  
  102  8:08  SCV  
  102  8:10  SCV  
  100  8:14  Marauder  
  100  8:16  Marine  
  100  8:18  SCV  
  100  8:19  Medivac  
  95  8:20  SCV, Marauder  
  95  8:22  Marine, SCV  
  95  8:23  Marine  
  89  8:30  SCV  
  89  8:32  SCV  
  89  8:33  Marine  
  86  8:34  SCV  
  86  8:36  Marauder  
  86  8:39  Marine, Missile Turret  
  86  8:42  Marine, SCV, Marauder  
  86  8:46  SCV  
  89  8:48  Missile Turret, SCV  
  89  8:51  Marine  
  91  8:57  Marine, Siege Tank, Marauder  
  91  9:00  Marine  
  91  9:02  Orbital Command  
  98  9:03  Marauder  
  98  9:09  Marine  
  101  9:15  Marine, Medivac  
  104  9:18  Marine  
  104  9:19  Siege Tank, Marauder  
  109  9:24  Marauder  
  109  9:27  Marine  
  102  9:33  Marine  
  102  9:35  Marine  
  102  9:37  Siege Tank  
  93  9:40  Marauder  
  93  9:45  Marine  
  88  9:46  Marauder  
  88  9:50  Medivac  
  88  9:51  Marine, Siege Tank  
  89  9:53  Marine  
  89  10:01  Marauder  
  89  10:02  Marine  
  89  10:05  Missile Turret, Starport Tech Lab  
  91  10:07  Marauder  
  91  10:08  Medivac  
  91  10:09  Marine, Siege Tank  
  91  10:12  Marine  
  95  10:17  Refinery  
  95  10:20  Marine  
  95  10:23  Siege Tank, Raven, Marauder  
  95  10:26  Marine  
  95  10:28  Armory  
  103  10:29  Marine, Marauder  
  103  10:32  Refinery  
  105  10:38  Marine  
  105  10:42  Missile Turret, SCV  
  106  10:44  Siege Tank, Marine, Marauder  
  112  10:50  Marine, Marauder  
  112  10:52  Supply Depot  
  112  10:55  Widow Mine  
  112  10:56  Marine  
  118  11:02  Marine  
  119  11:05  Marauder  
  119  11:08  Marine  
  122  11:11  Marauder  
  122  11:13  Armory  
  122  11:14  Marine  
  122  11:15  Widow Mine, Command Center  
  127  11:19  Supply Depot  
  127  11:20  Marine  
  127  11:23  Widow Mine  
  130  11:27  Marauder  
  130  11:28  Raven  
  136  11:33  Marauder  
  132  11:42  Marine  
  132  11:44  Widow Mine  
  132  11:46  Marine  
  133  11:47  Supply Depot  
  133  11:48  Marauder  
  133  11:49  Marine  
  133  11:52  Hellion  
  140  11:54  Marauder  
  140  12:10  Marauder  
  140  12:12  Thor  
  140  12:14  Hellion  
  152  12:15  Marauder  
  152  12:16  Factory  
  152  12:20  Supply Depot  
  152  12:29  Missile Turret  
  151  12:31  Marauder  
  151  12:34  SCV  
  151  12:35  Hellion  
  159  12:37  SCV, Marauder  
  159  12:39  Missile Turret, SCV  
  159  12:41  SCV, Refinery  
  161  12:44  Refinery  
  161  12:46  SCV  
  161  12:48  Supply Depot  
  162  12:52  Marauder  
  162  12:54  Planetary Fortress  
  162  12:55  Thor  
  162  12:57  Hellion  
  174  12:58  Marauder  
  174  13:00  Hellion  
  174  13:04  Missile Turret  
  175  13:08  SCV  
  175  13:11  Missile Turret  
  172  13:14  Marauder  
  172  13:17  SCV, Missile Turret  
  172  13:18  Siege Tank  
  179  13:20  SCV, Marauder  
  179  13:21  Marine  
  179  13:22  SCV, Supply Depot  
  179  13:23  Factory Tech Lab  
  179  13:24  Marine  
  162  13:28  Marine  
  148  13:35  Marine  
  148  13:39  Marine, Hellion  
  153  13:41  Marauder  
  153  13:42  Marine, SCV  
  153  13:45  Marine  
  153  13:47  Viking  
  153  13:48  Viking  
  159  13:49  Viking  
  159  13:52  Supply Depot  
  159  13:53  Marauder, Hellion  
  159  13:56  Marine  
  159  13:59  Marine  
  159  14:02  Marine  
  157  14:03  Marine  
  157  14:05  SCV  
  155  14:10  Hellion  
  155  14:11  Hellion  
  155  14:14  Marauder, Hellion  
  155  14:16  SCV  
  153  14:20  Marauder  
  153  14:21  Viking  
  153  14:23  Viking  
  156  14:26  Viking  
  155  14:32  Marine  
  155  14:35  Hellion  
  155  14:36  Marauder  
  155  14:38  Ghost Academy  
  152  14:41  Hellion  
  152  14:42  Marauder  
  149  14:48  Thor  
  149  14:50  Viking  
  154  14:53  Viking  
  154  14:56  Viking  
  154  14:57  Marauder  
  160  15:03  Marauder  
  160  15:18  Hellion  
  160  15:19  Marauder  
  160  15:20  Viking  
  166  15:23  Viking  
  166  15:24  Marauder  
  169  15:35  Viking  
  169  15:40  Marauder  
  173  15:46  Marauder  
  175  15:50  Viking  
  175  15:53  Viking  
  175  15:57  Marine x2  
  178  15:58  Marine  
  178  16:01  Marauder  
  183  16:05  Medivac  
  183  16:06  Ghost  
  187  16:14  Marine  
  188  16:20  Viking  
  188  16:23  Viking, Marauder  
  194  16:35  Medivac, Ghost  
  198  16:44  Marauder  
  198  17:00  Marine  
  199  17:01  Marine  
  199  17:05  Terran Infantry Armor Level 2  
  199  17:07  Terran Vehicle Weapons Level 1  
  200  17:08  Terran Vehicle And Ship Armor Level 1, Infernal Pre-Igniter  
  200  17:10  Terran Infantry Weapons Level 2  
  200  17:33  Marine  
  200  17:36  Marine  
  176  17:37  Marine  
  176  17:40  Hellion  
  176  17:41  Command Center  
  176  17:42  Marine, Hellion  
  176  17:43  Marine  
  147  17:45  Hellion  
  140  17:51  Marine  
  140  17:53  Marine  
  140  17:56  Marauder  
  123  18:00  Marine  
  123  18:01  Marine  
  123  18:02  Hellion  
  116  18:07  Viking  
  116  18:08  Viking  
  116  18:09  Marine, Viking  
  123  18:17  Siege Tank, Marauder  
  123  18:18  Hellion  
  123  18:19  Marauder  
  132  18:21  Marine  
  132  18:23  Hellion  
  135  18:37  Viking  
  135  18:38  Viking  
  135  18:39  Thor, Viking, Marauder  
  135  18:40  Ghost  
  151  19:00  Marauder  
  153  19:07  Viking x2  
  153  19:09  Marauder  
  155  19:21  Ghost  
  157  19:28  Command Center  
  157  19:31  Marauder  
  158  19:50  Marauder  
  158  19:51  Ghost  
  161  20:00  Medivac  
  161  20:04  Marine  
  152  20:11  Marauder  
  130  20:17  Marine  
  130  20:18  Marine  
  130  20:20  Marauder  
  120  20:21  Hellion  
  120  20:22  Marine, Hellion  
  120  20:26  Hellion  
  113  20:33  Marauder  
  113  20:35  Marine  
  110  20:36  Marine  
  110  20:40  Marine  
  110  20:42  Marauder  
  113  20:43  Hellion  
  113  20:52  Marine  
  114  21:04  Marauder x2  
  95  21:25  Marauder  
  91  21:26  Marauder  
  91  21:40  Command Center  
  90  21:51  Hellion  
  84  21:57  Marine  
  83  22:02  Marine  
  79  22:47  Marine  
  71  23:03  Marine  
  62  23:52  Marine  
  63  24:01  Marine  
  64  24:31  Hellion  
  58  25:17  Marine  
  58  25:20  Marine  
  33  27:39  SCV  
  33  27:43  SCV  
  35  28:40  SCV  
  36  28:48  SCV  
  34  29:51  SCV  
  35  29:55  SCV  
  34  30:59  SCV  
  34  31:01  SCV  
  25  31:58  SCV  
  24  33:46  SCV  
  24  33:49  SCV  
  24  33:52  SCV  
Show
View Real Time Build Order
Export as new Build Order

A.I. 5 (Elite) Protoss 

Build Orders: Zealot Archon 

Get SALT Encoding   

  12  0:01  Probe (Chrono Boost)  
  13  0:12  Probe (Chrono Boost)  
  14  0:22  Probe (Chrono Boost), Pylon  
  15  0:40  Probe (Chrono Boost)  
  16  0:47  Assimilator  
  16  0:50  Probe (Chrono Boost)  
  16  0:52  Gateway  
  17  1:01  Probe (Chrono Boost)  
  17  1:02  Pylon  
  18  1:11  Probe (Chrono Boost)  
  19  1:22  Probe (Chrono Boost)  
  21  1:33  Probe (Chrono Boost)  
  21  1:38  Zealot  
  21  1:42  Cybernetics Core  
  21  1:44  Probe (Chrono Boost)  
  24  1:55  Probe (Chrono Boost)  
  25  2:01  Nexus  
  25  2:14  Gateway  
  25  2:19  Pylon  
  25  2:21  Zealot  
  25  2:24  Warp Gate  
  25  2:27  Probe (Chrono Boost)  
  28  2:38  Assimilator  
  28  2:39  Probe (Chrono Boost)  
  29  2:47  Adept  
  32  2:51  Probe (Chrono Boost)  
  32  3:00  Adept  
  32  3:03  Probe (Chrono Boost)  
  32  3:04  Pylon  
  35  3:12  Adept  
  35  3:14  Probe (Chrono Boost)  
  35  3:19  Probe (Chrono Boost)  
  39  3:25  Sentry  
  41  3:31  Gateway  
  41  3:33  Probe (Chrono Boost)  
  42  3:35  Probe (Chrono Boost)  
  42  3:38  Adept  
  45  3:44  Probe (Chrono Boost)  
  45  3:47  Probe (Chrono Boost)  
  47  3:53  Adept  
  50  3:56  Probe (Chrono Boost)  
  50  3:58  Probe (Chrono Boost)  
  51  4:03  Adept  
  51  4:07  Probe (Chrono Boost)  
  55  4:10  Probe (Chrono Boost)  
  55  4:18  Probe (Chrono Boost), Adept  
  55  4:20  Pylon  
  55  4:22  Probe (Chrono Boost)  
  59  4:25  Pylon  
  59  4:27  Stalker  
  59  4:29  Probe (Chrono Boost)  
  63  4:38  Stalker  
  63  4:39  Probe (Chrono Boost)  
  63  4:41  Probe (Chrono Boost)  
  66  4:49  Stalker, Twilight Council  
  66  4:51  Probe (Chrono Boost)  
  66  4:52  Probe (Chrono Boost)  
  70  4:57  Stalker  
  72  5:00  Pylon  
  72  5:01  Stalker  
  72  5:02  Probe (Chrono Boost)  
  75  5:08  Probe (Chrono Boost)  
  76  5:18  Probe (Chrono Boost)  
  76  5:19  Assimilator  
  76  5:20  Probe (Chrono Boost)  
  78  5:26  Pylon  
  78  5:31  Templar Archives  
  78  5:33  Assimilator  
  78  5:42  Probe (Chrono Boost)  
  80  5:43  Probe (Chrono Boost)  
  80  5:45  Zealot  
  82  5:52  Pylon  
  83  5:57  Probe (Chrono Boost)  
  83  5:58  Probe (Chrono Boost), Stalker  
  83  5:59  Forge  
  83  6:01  Stalker  
  88  6:07  Stalker  
  88  6:08  Probe (Chrono Boost)  
  91  6:13  Forge  
  91  6:20  Pylon  
  91  6:21  Nexus, Sentry  
  91  6:24  High Templar  
  95  6:28  High Templar  
  95  6:31  Robotics Facility  
  97  6:33  Protoss Ground Weapons Level 1  
  97  6:36  Gateway  
  97  6:39  Archon  
  97  6:49  High Templar, Pylon  
  99  6:59  Pylon  
  99  7:04  High Templar  
  99  7:07  Zealot  
  103  7:11  Archon  
  103  7:16  Photon Cannon  
  103  7:18  High Templar  
  103  7:19  Warp Prism  
  103  7:22  Photon Cannon  
  107  7:28  Pylon  
  107  7:32  High Templar  
  107  7:36  Probe (Chrono Boost), Gateway  
  112  7:37  Probe (Chrono Boost)  
  112  7:38  Probe (Chrono Boost)  
  112  7:45  Protoss Ground Armor Level 1  
  112  7:47  Probe (Chrono Boost)  
  112  7:49  Probe (Chrono Boost)  
  112  7:51  Probe (Chrono Boost), Archon  
  115  7:54  Observer  
  117  7:58  Probe (Chrono Boost)  
  117  8:00  Probe (Chrono Boost)  
  117  8:02  Probe (Chrono Boost), High Templar  
  121  8:08  Assimilator  
  121  8:09  Probe (Chrono Boost)  
  121  8:11  Probe (Chrono Boost)  
  124  8:13  Probe (Chrono Boost)  
  124  8:14  Pylon  
  124  8:17  High Templar  
  124  8:20  Probe (Chrono Boost)  
  124  8:21  Photon Cannon  
  121  8:29  Assimilator  
  121  8:33  Probe (Chrono Boost)  
  110  8:34  Probe (Chrono Boost)  
  110  8:35  Zealot, Probe (Chrono Boost)  
  110  8:36  Zealot  
  110  8:37  High Templar  
  110  8:40  Zealot, Warp Prism  
  110  8:44  Photon Cannon  
  108  8:49  High Templar  
  108  8:53  Photon Cannon  
  110  9:02  Photon Cannon  
  110  9:07  Zealot  
  110  9:09  High Templar  
  114  9:10  Zealot, Gateway  
  114  9:11  Archon  
  114  9:13  High Templar  
  118  9:17  Pylon  
  118  9:20  Nexus  
  118  9:30  High Templar  
  120  9:31  Zealot  
  122  9:39  High Templar  
  122  9:40  Photon Cannon, Archon  
  122  9:43  Stalker  
  125  9:46  Probe (Chrono Boost)  
  125  9:47  Zealot, Probe (Chrono Boost)  
  125  9:51  Zealot  
  129  9:53  Archon  
  129  9:54  Probe (Chrono Boost)  
  129  9:56  Photon Cannon  
  130  10:01  Stalker  
  130  10:05  Stalker  
  130  10:06  High Templar  
  136  10:07  Photon Cannon  
  136  10:08  High Templar  
  136  10:09  Zealot, Psionic Storm  
  140  10:17  Zealot  
  140  10:20  Archon  
  140  10:23  Stalker  
  140  10:27  Pylon  
  140  10:28  Zealot  
  136  10:29  Zealot  
  136  10:35  Probe (Chrono Boost)  
  133  10:36  Stalker  
  133  10:37  High Templar  
  133  10:41  High Templar  
  137  10:44  Zealot, Assimilator  
  137  10:47  Stalker  
  137  10:49  Sentry  
  143  10:51  Assimilator  
  143  10:58  Zealot, Immortal  
  145  11:05  Stalker  
  145  11:06  Zealot  
  145  11:09  Photon Cannon  
  145  11:10  Stalker  
  149  11:19  Photon Cannon  
  149  11:25  High Templar, Pylon  
  151  11:31  High Templar  
  151  11:33  Zealot  
  151  11:34  Immortal  
  151  11:37  Sentry  
  151  11:39  Adept  
  161  11:43  Zealot  
  163  11:52  Photon Cannon  
  163  11:57  Zealot  
  163  11:59  Pylon  
  163  12:00  Zealot  
  167  12:02  High Templar  
  167  12:06  Pylon  
  169  12:08  Immortal  
  169  12:09  Probe (Chrono Boost)  
  169  12:10  High Templar  
  169  12:14  Forge  
  175  12:28  Photon Cannon  
  175  12:33  High Templar, Photon Cannon  
  177  12:39  Photon Cannon  
  177  12:42  Immortal, High Templar  
  179  12:47  Photon Cannon  
  183  12:55  Stargate  
  183  12:59  Sentry  
  185  13:10  Adept  
  185  13:11  Adept  
  189  13:14  Robotics Facility  
  189  13:18  High Templar  
  189  13:19  Observer  
  191  13:24  Photon Cannon  
  191  13:25  High Templar  
  194  13:27  Protoss Ground Weapons Level 2  
  194  13:31  Charge  
  194  13:32  High Templar  
  196  13:35  Oracle  
  196  13:39  Observer  
  200  14:12  Robotics Facility  
  200  14:14  Archon  
  199  14:21  Protoss Ground Armor Level 2  
  199  14:36  Stalker  
  199  14:58  Blink  
  199  15:20  Protoss Shields Level 1  
  199  15:31  Protoss Ground Weapons Level 3  
  199  15:35  Archon  
  199  15:47  Zealot  
  199  16:16  Zealot  
  200  16:28  Protoss Ground Armor Level 3  
  200  16:33  Archon  
  200  16:36  Archon  
  200  16:43  Zealot  
  200  16:44  Nexus  
  200  16:46  Zealot  
  188  16:48  Zealot  
  188  16:49  Zealot  
  188  16:51  Zealot, Archon  
  188  16:52  Sentry  
  154  16:56  Immortal  
  148  17:03  Void Ray, High Templar  
  148  17:06  Zealot  
  148  17:07  Adept  
  146  17:09  Zealot  
  146  17:11  Zealot  
  146  17:14  Sentry  
  152  17:27  High Templar  
  152  17:28  Archon, Stalker  
  152  17:29  High Templar  
  158  17:30  High Templar  
  158  17:33  Zealot  
  162  17:38  Sentry  
  162  17:42  Void Ray  
  164  17:50  Stalker  
  170  17:51  Stalker  
  170  17:58  Sentry  
  173  17:59  Archon  
  173  18:00  Adept  
  173  18:01  Adept  
  173  18:02  High Templar  
  173  18:03  Assimilator  
  173  18:05  Archon  
  179  18:08  Pylon  
  179  18:12  Zealot  
  181  18:13  Assimilator  
  181  18:16  Zealot  
  183  18:20  Void Ray, High Templar  
  183  18:21  Zealot  
  183  18:23  High Templar  
  193  18:29  Archon  
  193  18:32  High Templar  
  195  18:34  Photon Cannon  
  195  18:39  Protoss Shields Level 2  
  194  18:41  Archon, Pylon  
  194  18:44  High Templar  
  196  18:51  High Templar  
  196  18:53  Robotics Bay  
  198  18:56  Void Ray  
  197  19:05  Photon Cannon  
  197  19:11  Photon Cannon  
  197  19:16  Photon Cannon  
  197  19:17  High Templar  
  197  19:38  Zealot  
  197  19:39  Void Ray  
  197  19:40  Zealot, Stalker  
  197  19:41  Zealot  
  197  19:42  Zealot  
  197  19:45  Stalker  
  194  19:47  Nexus  
  186  19:58  Zealot, Stalker  
  190  20:02  Zealot  
  192  20:10  Archon  
  192  20:12  High Templar  
  194  20:16  Void Ray  
  194  20:18  Observer Gravitic Boosters  
  194  20:25  Archon  
  198  20:38  Protoss Shields Level 3  
  198  21:07  Gravitic Drive  
  198  21:14  Void Ray  
  198  21:15  Void Ray  
  198  21:19  Assimilator  
  198  21:22  Pylon  
  198  21:27  Assimilator  
  197  21:46  Photon Cannon  
  197  21:52  Nexus, Pylon  
  197  21:55  Void Ray  
  197  21:57  Zealot  
  200  22:14  Stalker  
  188  22:16  Photon Cannon, High Templar  
  188  22:17  Stalker  
  188  22:22  Photon Cannon  
  192  22:25  High Templar  
  192  22:27  Photon Cannon  
  194  22:34  Void Ray  
  189  22:54  Colossus  
  189  22:57  Colossus  
  178  22:58  Stalker  
  178  22:59  Stalker x2  
  178  23:01  Stalker  
  178  23:03  Stalker x2, Colossus  
  178  23:04  Pylon  
  180  23:07  Probe (Chrono Boost)  
  180  23:09  Probe x2 (Chrono Boost)  
  180  23:11  Probe (Chrono Boost)  
  180  23:12  Probe x2 (Chrono Boost)  
  148  23:14  Void Ray  
  148  23:18  Probe (Chrono Boost)  
  143  23:20  Adept  
  143  23:22  Probe x2 (Chrono Boost), Stalker  
  143  23:23  Adept, Probe (Chrono Boost)  
  143  23:25  Adept, Probe (Chrono Boost)  
  143  23:27  Probe (Chrono Boost), Adept x2  
  153  23:30  Probe (Chrono Boost)  
  153  23:33  Probe (Chrono Boost)  
  154  23:35  Probe x2 (Chrono Boost)  
  154  23:36  Probe (Chrono Boost)  
  154  23:39  Probe (Chrono Boost)  
  154  23:41  Probe (Chrono Boost), Sentry  
  154  23:42  Assimilator  
  154  23:44  Stalker  
  154  23:45  Probe (Chrono Boost), Stalker  
  154  23:46  Stalker  
  154  23:47  Probe (Chrono Boost)  
  163  23:48  Probe (Chrono Boost)  
  163  23:49  Probe (Chrono Boost), Stalker  
  163  23:50  Immortal, Stalker  
  163  23:51  Immortal  
  163  23:52  Void Ray  
  163  23:53  Probe (Chrono Boost)  
  176  23:55  Probe (Chrono Boost)  
  176  24:01  Nexus  
  176  24:03  Sentry  
  176  24:06  High Templar  
  176  24:09  Adept, Stalker  
  184  24:10  Assimilator  
  184  24:14  Robotics Facility  
  184  24:17  Pylon  
  183  24:24  Immortal  
  183  24:25  Sentry  
  183  24:26  Assimilator, Stalker  
  183  24:29  Void Ray  
  191  24:32  Photon Cannon  
  191  24:37  Assimilator  
  195  24:44  Pylon  
  195  24:48  Photon Cannon  
  195  24:58  Probe (Chrono Boost)  
  189  25:01  Probe (Chrono Boost)  
  189  25:02  Probe (Chrono Boost)  
  189  25:03  Probe (Chrono Boost)  
  189  25:05  Extended Thermal Lance  
  189  25:06  Resonating Glaives  
  186  25:07  Void Ray, Probe (Chrono Boost)  
  186  25:09  Probe (Chrono Boost)  
  186  25:12  Probe (Chrono Boost)  
  186  25:13  Probe (Chrono Boost)  
  185  25:14  Probe (Chrono Boost)  
  185  25:15  Probe (Chrono Boost)  
  186  25:23  Probe (Chrono Boost)  
  175  25:30  Probe (Chrono Boost)  
  175  25:33  Probe (Chrono Boost)  
  173  25:43  Observer  
  173  25:44  Probe (Chrono Boost), Observer  
  173  25:45  Sentry, Probe (Chrono Boost)  
  175  25:51  Observer  
  175  25:54  Void Ray  
  175  25:59  Nexus  
  177  26:07  Void Ray, High Templar  
  179  26:28  Archon  
  179  26:29  High Templar  
  180  26:36  High Templar  
  180  26:38  Void Ray  
  177  26:44  Archon  
  179  26:49  High Templar  
  158  26:55  High Templar  
  158  27:00  High Templar  
  137  27:06  High Templar  
  111  27:11  High Templar  
  96  28:04  Stalker  
  95  28:24  Archon  
  8  30:21  Probe (Chrono Boost)  
Show
View Real Time Build Order
Export as new Build Order

A.I. 6 (Elite) Protoss 

Build Orders: 1 Gate Expand, Zealot Archon 

Get SALT Encoding   

  12  0:01  Probe (Chrono Boost)  
  13  0:12  Probe (Chrono Boost)  
  14  0:21  Pylon  
  14  0:22  Probe (Chrono Boost)  
  15  0:39  Probe (Chrono Boost)  
  16  0:49  Probe (Chrono Boost)  
  17  0:50  Gateway  
  17  1:00  Probe (Chrono Boost)  
  18  1:07  Assimilator  
  18  1:10  Probe (Chrono Boost)  
  19  1:11  Pylon  
  19  1:21  Probe (Chrono Boost)  
  20  1:32  Nexus  
  20  1:40  Cybernetics Core  
  20  1:45  Probe (Chrono Boost)  
  21  1:49  Zealot  
  23  2:04  Gateway  
  23  2:06  Probe (Chrono Boost)  
  24  2:16  Pylon  
  24  2:17  Probe (Chrono Boost)  
  24  2:22  Zealot, Warp Gate  
  25  2:28  Probe (Chrono Boost)  
  28  2:39  Assimilator  
  28  2:40  Probe (Chrono Boost)  
  30  2:45  Probe (Chrono Boost)  
  30  2:47  Adept  
  32  2:55  Adept  
  34  3:00  Probe (Chrono Boost)  
  35  3:08  Probe (Chrono Boost)  
  35  3:10  Pylon  
  35  3:12  Adept  
  36  3:19  Stalker  
  40  3:30  Probe (Chrono Boost)  
  41  3:37  Stalker  
  41  3:39  Gateway  
  41  3:40  Probe (Chrono Boost)  
  44  3:47  Stalker  
  44  3:49  Probe (Chrono Boost)  
  47  3:59  Probe (Chrono Boost)  
  47  4:01  Probe (Chrono Boost)  
  49  4:05  Stalker  
  52  4:10  Probe (Chrono Boost)  
  52  4:12  Probe (Chrono Boost)  
  52  4:15  Stalker  
  53  4:21  Probe (Chrono Boost)  
  53  4:23  Probe (Chrono Boost)  
  57  4:33  Probe (Chrono Boost), Stalker  
  57  4:35  Probe (Chrono Boost)  
  57  4:36  Pylon  
  61  4:46  Pylon  
  61  4:55  Probe (Chrono Boost), Stalker x2  
  61  4:56  Probe (Chrono Boost)  
  67  5:00  Stalker  
  67  5:06  Probe (Chrono Boost)  
  67  5:07  Probe (Chrono Boost)  
  71  5:13  Pylon  
  71  5:16  Pylon  
  71  5:17  Stalker  
  71  5:18  Probe x2 (Chrono Boost), Stalker  
  78  5:30  Probe (Chrono Boost), Stalker  
  78  5:31  Probe (Chrono Boost)  
  81  5:36  Pylon  
  81  5:39  Stalker  
  81  5:40  Stalker  
  81  5:41  Probe (Chrono Boost)  
  87  5:43  Probe (Chrono Boost)  
  87  5:49  Twilight Council  
  87  5:52  Probe (Chrono Boost)  
  87  5:53  Sentry  
  87  5:55  Probe (Chrono Boost), Assimilator  
  91  6:02  Stalker  
  91  6:03  Zealot  
  95  6:08  Pylon  
  95  6:10  Assimilator  
  95  6:26  Zealot  
  95  6:27  Zealot  
  95  6:28  Zealot  
  95  6:30  Templar Archives  
  101  6:34  Probe (Chrono Boost)  
  101  6:36  Pylon  
  102  6:46  Zealot  
  104  6:50  Forge  
  104  6:51  Nexus  
  104  6:54  Zealot  
  104  6:56  Zealot  
  104  7:00  Pylon  
  108  7:04  Zealot  
  110  7:13  Zealot  
  110  7:14  High Templar  
  114  7:22  Zealot  
  116  7:24  Robotics Facility  
  116  7:31  Pylon  
  116  7:32  Zealot  
  116  7:35  Forge  
  118  7:42  High Templar  
  118  7:44  Sentry  
  118  7:48  Archon  
  118  7:50  Zealot  
  120  8:00  Pylon  
  120  8:04  Pylon  
  120  8:05  Probe (Chrono Boost)  
  121  8:06  Zealot  
  121  8:07  Probe (Chrono Boost)  
  121  8:08  Zealot, Probe (Chrono Boost)  
  121  8:11  Observer  
  121  8:12  Zealot  
  130  8:17  Probe (Chrono Boost)  
  130  8:18  Probe (Chrono Boost)  
  133  8:20  Probe (Chrono Boost)  
  133  8:27  Zealot  
  131  8:28  Sentry, Probe (Chrono Boost)  
  131  8:30  Probe (Chrono Boost)  
  131  8:31  Immortal  
  131  8:32  Probe (Chrono Boost), High Templar  
  142  8:34  Assimilator  
  142  8:40  Probe (Chrono Boost)  
  142  8:41  Probe (Chrono Boost), Pylon  
  144  8:43  Probe (Chrono Boost), Assimilator  
  144  8:46  Zealot  
  147  8:49  Zealot  
  147  8:52  Probe (Chrono Boost)  
  150  9:00  Probe x2 (Chrono Boost)  
  153  9:03  Probe (Chrono Boost), High Templar  
  153  9:05  Immortal  
  153  9:07  Zealot, Pylon  
  157  9:14  Probe (Chrono Boost)  
  162  9:17  Gateway  
  162  9:23  Photon Cannon  
  161  9:33  Pylon  
  161  9:38  Photon Cannon  
  161  9:42  Observer  
  161  9:44  Adept  
  162  9:49  Pylon  
  158  9:53  Nexus  
  158  9:56  Zealot  
  157  10:00  Zealot, Immortal  
  157  10:02  Zealot  
  161  10:10  Probe (Chrono Boost)  
  161  10:14  Probe (Chrono Boost)  
  161  10:20  Zealot  
  161  10:21  Pylon  
  159  10:22  Zealot  
  159  10:23  Zealot  
  159  10:24  Zealot  
  141  10:37  Observer  
  141  10:39  Archon  
  141  10:41  Zealot  
  144  10:43  High Templar  
  146  10:52  High Templar  
  146  10:54  Immortal  
  152  11:10  Probe (Chrono Boost)  
  154  11:11  Probe (Chrono Boost)  
  154  11:13  Probe (Chrono Boost)  
  154  11:14  Stalker  
  154  11:16  Assimilator  
  155  11:20  Assimilator  
  155  11:27  Photon Cannon  
  155  11:28  Immortal  
  155  11:32  Photon Cannon, Stalker  
  154  11:34  Probe (Chrono Boost)  
  154  11:38  Stalker  
  154  11:39  Photon Cannon  
  159  11:40  Archon  
  159  11:45  Photon Cannon, High Templar  
  161  11:50  Photon Cannon  
  160  11:55  High Templar  
  160  11:57  Probe (Chrono Boost)  
  160  12:00  Stalker  
  163  12:03  Immortal  
  163  12:05  Photon Cannon  
  167  12:08  Pylon  
  167  12:14  Archon  
  167  12:17  High Templar  
  169  12:27  High Templar  
  171  12:32  Photon Cannon  
  171  12:37  Immortal  
  171  12:38  Stalker  
  171  12:40  Pylon  
  171  12:41  Stalker  
  179  12:47  Sentry  
  181  12:51  Gateway  
  181  12:55  Sentry  
  183  13:07  Photon Cannon  
  183  13:12  Sentry, Warp Prism  
  183  13:13  Photon Cannon  
  183  13:18  Photon Cannon  
  185  13:21  Stalker  
  185  13:24  Stalker  
  185  13:25  Stalker  
  185  13:26  Robotics Facility  
  189  13:37  Adept  
  177  13:42  Stalker  
  177  13:44  Adept  
  177  13:46  Zealot  
  177  13:47  Adept  
  177  13:48  Warp Prism  
  175  13:50  Gateway  
  175  13:55  High Templar  
  178  13:57  Photon Cannon  
  178  14:00  Archon  
  178  14:04  High Templar  
  178  14:05  Stalker  
  178  14:06  Zealot  
  178  14:07  Zealot  
  185  14:14  Observer  
  186  14:21  Immortal  
  186  14:25  Zealot  
  186  14:27  Sentry  
  186  14:28  Zealot  
  186  14:29  Zealot  
  196  14:32  Immortal  
  196  14:33  Photon Cannon  
  196  14:34  Stalker  
  192  14:43  Zealot  
  192  14:45  Zealot  
  189  14:47  Zealot  
  189  14:49  Zealot  
  189  14:50  Stargate, Stalker  
  191  14:57  Zealot  
  193  15:04  Adept  
  194  15:07  Zealot  
  194  15:10  Photon Cannon  
  195  15:30  Robotics Facility  
  195  15:32  Void Ray  
  199  15:44  Photon Cannon  
  199  16:06  Protoss Ground Weapons Level 1  
  199  16:07  Protoss Ground Armor Level 1  
  199  16:09  Pylon  
  199  16:10  Charge  
  199  16:12  Zealot  
  199  16:13  Psionic Storm  
  199  16:15  Pylon  
  199  16:26  Pylon  
  199  16:31  Forge  
  199  16:34  Pylon  
  199  17:04  Protoss Shields Level 1  
  199  17:07  Zealot  
  200  17:33  Zealot  
  200  17:35  Zealot  
  190  17:37  Zealot  
  190  17:39  High Templar  
  190  17:40  Zealot  
  190  17:41  Zealot  
  128  17:53  Zealot, Immortal  
  128  17:54  Stalker  
  128  17:55  Immortal  
  128  17:56  Stalker  
  128  17:57  Immortal  
  115  18:00  Zealot  
  115  18:01  Stalker  
  115  18:02  Void Ray  
  108  18:09  Zealot  
  109  18:13  Stalker  
  109  18:15  Zealot  
  109  18:19  Zealot  
  115  18:20  Zealot  
  115  18:23  Stalker  
  118  18:30  Sentry  
  118  18:31  Immortal  
  118  18:32  Immortal  
  124  18:35  Immortal  
  124  18:37  Zealot  
  124  18:39  Zealot  
  124  18:41  Zealot  
  138  18:42  Zealot  
  138  18:43  Void Ray  
  138  18:44  Zealot  
  146  18:51  Sentry  
  148  18:57  Zealot  
  148  18:58  Zealot  
  148  19:00  High Templar  
  148  19:01  Adept  
  155  19:04  Stalker  
  155  19:08  Immortal x2  
  157  19:13  Observer  
  157  19:14  Stalker  
  157  19:16  Adept  
  170  19:17  High Templar  
  170  19:20  Sentry  
  170  19:24  Void Ray  
  174  19:26  Stalker  
  180  19:31  Stalker  
  180  19:33  Observer  
  180  19:36  Stalker  
  180  19:37  Zealot  
  187  19:43  Stalker  
  187  19:44  Immortal  
  189  19:46  Observer  
  189  19:48  Stalker  
  195  20:02  Void Ray  
  195  20:03  Zealot  
  195  20:04  Zealot  
  195  20:06  Zealot  
  183  20:07  Zealot  
  183  20:11  Zealot  
  155  20:17  Adept  
  119  20:22  High Templar  
  119  20:24  Stalker  
  119  20:25  Sentry  
  119  20:27  Stalker  
  111  20:30  Adept  
  113  20:36  Sentry  
  113  20:41  Void Ray  
  104  20:43  Archon  
  104  20:45  Stalker  
  104  20:46  High Templar  
  104  20:48  Stalker  
  104  20:49  Zealot  
  116  20:51  Stalker  
  116  20:52  Nexus  
  118  20:57  Zealot  
  120  21:08  High Templar  
  120  21:11  Stalker  
  73  21:26  High Templar  
  73  21:31  Zealot  
  73  21:32  High Templar  
  72  21:33  Adept  
  72  21:37  Zealot  
  62  21:41  High Templar  
  48  21:59  High Templar  
  49  22:10  High Templar  
  47  22:20  High Templar  
  40  22:52  High Templar  
  38  23:02  High Templar  
  37  23:15  High Templar  
  35  23:31  Archon  
  35  23:32  High Templar  
  37  23:40  High Templar  
  39  24:03  Pylon  
  39  24:04  Archon  
  39  24:28  Gateway  
  28  25:23  Cybernetics Core  
  20  26:02  Twilight Council  
  17  26:38  Probe (Chrono Boost)  
  10  26:41  Probe (Chrono Boost)  
Show
View Real Time Build Order
Export as new Build Order

A.I. 7 (Elite) Protoss 

Build Orders: 1 Gate Expand, Zealot Archon 

Get SALT Encoding   

  12  0:01  Probe (Chrono Boost)  
  13  0:12  Probe (Chrono Boost)  
  14  0:21  Pylon  
  14  0:22  Probe (Chrono Boost)  
  15  0:39  Probe (Chrono Boost)  
  16  0:50  Probe (Chrono Boost)  
  16  0:52  Gateway  
  17  1:00  Probe (Chrono Boost)  
  19  1:11  Probe (Chrono Boost)  
  19  1:16  Nexus  
  19  1:21  Probe (Chrono Boost)  
  20  1:32  Probe (Chrono Boost)  
  21  1:38  Zealot  
  21  1:40  Pylon  
  23  1:47  Cybernetics Core  
  23  1:50  Assimilator  
  23  1:59  Probe (Chrono Boost)  
  24  2:10  Probe (Chrono Boost)  
  25  2:20  Probe (Chrono Boost)  
  26  2:25  Pylon  
  26  2:27  Warp Gate  
  26  2:28  Probe (Chrono Boost)  
  27  2:31  Probe (Chrono Boost)  
  28  2:39  Probe (Chrono Boost), Gateway  
  28  2:43  Assimilator  
  29  2:45  Probe (Chrono Boost)  
  29  2:51  Stalker  
  30  2:57  Probe (Chrono Boost), Pylon  
  33  2:59  Probe (Chrono Boost)  
  34  3:08  Probe (Chrono Boost)  
  34  3:11  Probe (Chrono Boost)  
  36  3:19  Adept  
  36  3:24  Probe (Chrono Boost), Adept  
  42  3:27  Probe (Chrono Boost)  
  42  3:31  Robotics Facility  
  42  3:36  Probe (Chrono Boost)  
  42  3:38  Probe (Chrono Boost)  
  44  3:44  Adept  
  44  3:47  Probe (Chrono Boost)  
  48  3:49  Probe (Chrono Boost)  
  48  3:51  Adept  
  50  3:58  Probe (Chrono Boost)  
  50  4:01  Probe (Chrono Boost)  
  53  4:10  Adept, Pylon  
  53  4:11  Probe (Chrono Boost)  
  53  4:12  Probe (Chrono Boost)  
  53  4:15  Adept  
  56  4:22  Probe (Chrono Boost)  
  59  4:30  Pylon  
  59  4:32  Robotics Bay  
  59  4:35  Gateway  
  59  4:41  Observer  
  59  4:44  Probe (Chrono Boost), Pylon  
  59  4:45  Probe (Chrono Boost)  
  62  5:05  Robotics Facility  
  62  5:09  Zealot  
  62  5:11  Stalker, Pylon  
  66  5:25  Probe (Chrono Boost), Gateway  
  66  5:27  Zealot  
  68  5:30  Stalker  
  68  5:31  Zealot  
  68  5:34  Pylon  
  72  5:46  Zealot  
  72  5:48  Probe (Chrono Boost), Assimilator  
  72  5:49  Probe (Chrono Boost)  
  76  5:51  Sentry, Stalker  
  76  5:52  Forge  
  80  6:11  Pylon  
  80  6:12  Probe (Chrono Boost)  
  80  6:13  Probe (Chrono Boost)  
  80  6:15  Twilight Council  
  80  6:17  Assimilator  
  82  6:20  Forge  
  82  6:22  Nexus  
  82  6:35  Photon Cannon  
  82  6:41  Probe (Chrono Boost), Pylon  
  82  6:42  Probe (Chrono Boost)  
  84  6:55  Templar Archives, Warp Prism  
  86  7:03  Photon Cannon  
  86  7:08  Photon Cannon  
  86  7:11  Stalker  
  88  7:15  Photon Cannon  
  88  7:16  Stalker  
  88  7:21  Stalker  
  92  7:25  Stalker  
  94  7:32  High Templar  
  97  7:37  Probe (Chrono Boost)  
  97  7:38  Immortal  
  97  7:39  Probe (Chrono Boost)  
  97  7:40  Probe (Chrono Boost)  
  97  7:41  Sentry  
  97  7:43  Zealot  
  107  7:48  High Templar  
  107  7:49  Probe (Chrono Boost)  
  107  7:50  Probe (Chrono Boost)  
  112  7:52  Probe (Chrono Boost)  
  112  7:56  Archon  
  112  8:00  Probe (Chrono Boost)  
  112  8:02  Zealot, Probe (Chrono Boost)  
  112  8:04  Zealot  
  112  8:05  Probe (Chrono Boost)  
  115  8:08  Zealot, Assimilator  
  115  8:11  Probe (Chrono Boost)  
  113  8:18  Probe (Chrono Boost), Pylon  
  113  8:19  Probe (Chrono Boost)  
  105  8:20  Nexus  
  105  8:21  Zealot  
  105  8:22  Zealot  
  105  8:23  Probe (Chrono Boost)  
  105  8:25  Assimilator, High Templar  
  106  8:27  Zealot  
  106  8:30  Probe (Chrono Boost)  
  106  8:32  Probe (Chrono Boost)  
  107  8:35  Probe (Chrono Boost)  
  105  8:41  Stalker  
  105  8:44  Probe (Chrono Boost)  
  105  8:45  Probe (Chrono Boost)  
  105  8:46  Probe (Chrono Boost)  
  105  8:47  Stalker  
  105  8:48  Zealot  
  108  8:54  Zealot  
  106  8:59  Probe (Chrono Boost)  
  106  9:01  Probe (Chrono Boost)  
  106  9:02  Probe (Chrono Boost), Stalker  
  105  9:08  Zealot  
  105  9:09  Zealot  
  106  9:10  Probe (Chrono Boost)  
  106  9:15  Probe (Chrono Boost)  
  106  9:16  Probe (Chrono Boost)  
  106  9:17  Stalker  
  110  9:21  Probe (Chrono Boost)  
  105  9:25  Zealot  
  105  9:26  Probe (Chrono Boost)  
  105  9:27  Zealot, Probe (Chrono Boost)  
  105  9:28  Pylon  
  105  9:29  Zealot  
  109  9:35  Probe (Chrono Boost)  
  109  9:37  Probe (Chrono Boost)  
  107  9:38  Zealot  
  107  9:44  Zealot  
  103  9:47  Zealot  
  103  9:48  Zealot  
  103  9:56  Immortal  
  103  9:57  Zealot  
  106  10:00  Observer  
  106  10:03  Zealot  
  106  10:04  Zealot  
  111  10:07  High Templar  
  111  10:14  Archon  
  111  10:16  Zealot  
  111  10:21  Immortal  
  107  10:22  Zealot  
  107  10:24  Stalker  
  115  10:31  Immortal  
  115  10:34  Zealot  
  117  10:37  Zealot  
  117  10:40  Stalker  
  117  10:46  Stalker  
  117  10:49  Pylon  
  117  10:53  Zealot  
  117  10:55  Stalker  
  117  10:56  Immortal  
  121  11:01  High Templar  
  127  11:07  Stalker  
  127  11:09  Immortal  
  129  11:14  Stalker  
  129  11:16  Stalker  
  136  11:19  Pylon  
  136  11:21  Probe (Chrono Boost)  
  136  11:23  Assimilator  
  137  11:29  Sentry  
  137  11:31  Assimilator  
  137  11:32  Zealot, Probe (Chrono Boost), Immortal  
  141  11:35  Adept  
  141  11:37  Zealot  
  138  11:42  Probe (Chrono Boost)  
  118  11:47  Observer  
  118  11:50  Pylon  
  118  11:52  High Templar  
  118  11:53  Stalker  
  123  11:55  High Templar  
  123  11:56  Stalker  
  127  12:05  Immortal  
  127  12:07  Probe x2 (Chrono Boost)  
  127  12:08  Probe (Chrono Boost)  
  127  12:09  Immortal  
  127  12:14  Stalker  
  137  12:18  Zealot  
  139  12:27  Zealot, Pylon  
  139  12:29  Stalker  
  142  12:30  Probe (Chrono Boost)  
  142  12:32  Probe (Chrono Boost)  
  142  12:33  Probe (Chrono Boost)  
  142  12:36  Stalker  
  145  12:37  Zealot  
  145  12:41  Immortal  
  147  12:44  Immortal  
  147  12:46  Zealot  
  157  12:52  Stalker  
  157  12:56  Pylon  
  159  12:59  Sentry  
  159  13:03  Stalker  
  159  13:05  Stalker  
  149  13:16  Archon  
  149  13:18  Observer  
  149  13:19  Probe x2 (Chrono Boost)  
  149  13:20  Immortal  
  149  13:21  High Templar  
  149  13:24  Stalker  
  149  13:25  Zealot  
  149  13:26  Stalker  
  151  13:36  Probe (Chrono Boost), Immortal  
  151  13:41  Pylon  
  156  13:44  Zealot  
  156  13:46  Stalker  
  156  13:48  Stalker  
  158  13:52  Adept  
  148  13:55  Probe (Chrono Boost)  
  148  13:58  Immortal  
  128  14:03  Zealot  
  128  14:09  Stalker  
  120  14:13  Probe (Chrono Boost), High Templar  
  120  14:14  Observer  
  120  14:15  Sentry  
  101  14:20  Probe (Chrono Boost)  
  101  14:22  Zealot, Probe (Chrono Boost)  
  101  14:23  Probe (Chrono Boost)  
  93  14:31  Immortal  
  93  14:33  Probe (Chrono Boost)  
  93  14:34  Stalker  
  94  14:41  Probe (Chrono Boost), Stalker  
  94  14:42  Stalker  
  94  14:44  Adept  
  94  14:47  Probe (Chrono Boost)  
  87  14:59  Zealot  
  85  15:03  Zealot  
  85  15:05  Zealot  
  85  15:06  Zealot  
  75  15:21  Stalker  
  75  15:23  Probe (Chrono Boost)  
  75  15:24  Probe (Chrono Boost), Stalker  
  75  15:26  Zealot  
  62  15:43  Pylon  
  62  15:45  Zealot x2  
  62  15:46  Stalker  
  61  15:55  Probe (Chrono Boost)  
  55  16:07  Stargate  
  48  16:13  Probe x2 (Chrono Boost)  
  45  16:20  Pylon  
  43  16:26  Pylon  
Tags
 
Add a new tag
Caveats
  • Supply blocks, unpowered buildings, or Contaminate may cause inaccurate times.
  • Supply counts are checked every 10 seconds.